 Dungeon Crawl Stone Soup version 0.28-a0-413-gde365fb1df (webtiles) character file.

Game seed: 6688762483417852544

2363 heikuro the Carver (level 9, -8/68 (71) HPs)
             Began as a Formicid Fighter on Sept 8, 2021.
             Was an Elder of Okawaru.
             Mangled by an orc warrior (9 damage)
             ... on level 6 of the Dungeon.
             The game lasted 00:13:39 (7451 turns).

heikuro the Carver (Formicid Fighter)               Turns: 7451, Time: 00:13:39

HP:   -8/68 (71)    AC: 13    Str: 23    XL:     9   Next: 72%
MP:   10/10         EV: 10    Int:  8    God:    Okawaru [****..]
Gold: 298           SH:  7    Dex: 11    Spells: 8/8 levels left

rFire   . . .      SeeInvis +   a - +1 long sword (freeze)
rCold   . . .      Faith    .   c - +0 buckler
rNeg    . . .      Spirit   .   t - +0 chain mail
rPois   .          Reflect  .   (helmet unavailable)
rElec   .          Harm     .   k - +0 cloak
rCorr   +          Rampage  .   (no gloves)
Will    .....                   (no boots)
Stlth   ..........              v - amulet of magic regeneration
HPRegen 0.21/turn               h - ring of resist corrosion
MPRegen 0.37/turn               (no ring)

@: heroic, lightly drained
A: permanent stasis, dig shafts and tunnels, antennae 3, four strong arms
a: Dig, Shaft Self, Renounce Religion, Heroism, Finesse


You were on level 6 of the Dungeon.
You worshipped Okawaru.
Okawaru was greatly pleased with you.
You visited 2 branches of the dungeon, and saw 8 of its levels.
You also visited: Ossuary.

You collected 298 gold pieces.

Inventory:

Hand Weapons
 a - a +1 long sword of freezing (weapon)
Missiles
 i - 18 poisoned darts (quivered)
 x - a throwing net
Armour
 c - a +0 buckler (worn)
 k - a +0 cloak (worn)
 t - a +0 chain mail (worn)
Jewellery
 h - a ring of resist corrosion (left hand)
 l - a ring of ice
 r - a ring of fire
 v - an amulet of magic regeneration (around neck)
Wands
 b - a wand of iceblast (12)
 n - a wand of polymorph (5)
 o - a wand of flame (22)
 w - a wand of digging (4)
Scrolls
 g - 3 scrolls of noise {unknown}
 j - a scroll of identify
 m - a scroll of acquirement {unknown}
 q - 3 scrolls of enchant weapon
 s - a scroll of magic mapping {unknown}
 y - a scroll of immolation {unknown}
Potions
 d - a potion of might
 e - 4 potions of brilliance
 f - 2 potions of attraction
 p - 5 potions of curing
 u - a potion of heal wounds


   Skills:
 + Level 6.8(11.8) Fighting
 * Level 8.1(13.1) Long Blades
 + Level 6.8(11.8) Armour
 + Level 7.4(12.4) Shields
 + Level 1.6 Invocations


You had 8 spell levels left.
You didn't know any spells.
Your spell library contained the following spells:

 Spells                   Type           Power      Damage    Failure   Level
 Apportation              Tloc           0%         N/A       92%         1
 Pain                     Necr           0%         1d4       92%         1
 Sandblast                Erth           0%         2d4       92%         1
 Passwall                 Tmut/Erth      0%         N/A       98%         2
 Scorch                   Fire           0%         2d5       98%         2
 Ignite Poison            Fire/Tmut/Pois 0%         N/A       100%        3
 Stone Arrow              Conj/Erth      0%         3d7       100%        3
 Flame Wave               Conj/Fire      0%         3d3       100%        4
 Petrify                  Tmut/Erth      0%         N/A       100%        4
 Agony                    Necr           0%         N/A       100%        5
 Excruciating Wounds      Necr           0%         N/A       100%        5
 Metabolic Englaciation   Hex/Ice        0%         N/A       100%        5
 Statue Form              Tmut/Erth      0%         N/A       100%        6
 Animate Skeleton         Necr           Unusable   N/A       N/A         1
 Summon Small Mammal      Summ           Unusable   N/A       N/A         1
 Summon Mana Viper        Hex/Summ       Unusable   N/A       N/A         5
 Summon Cactus Giant      Summ           Unusable   N/A       N/A         6

Dungeon Overview and Level Annotations

Branches:
Dungeon (7/15)             Temple (1/1) D:4         Ossuary (visited)

Altars:
Ashenzari
Cheibriados
Dithmenos
Elyvilon
Fedhas
Gozag
Hepliaklqana
Kikubaaqudgha
Makhleb
Nemelex Xobeh
Okawaru
Qazlal
Ru
Sif Muna
Trog
Uskayaw
Vehumet
Wu Jian
Xom
Yredelemnul
Zin
The Shining One

Shops:
D:5 *

Annotations:
D:5 2 transporters, Menkaure


Innate Abilities, Weirdness & Mutations

You cannot be hasted, slowed, berserked, paralysed or teleported.
You can dig through walls and to a lower floor.
You have a pair of large antennae on your head. (SInv)
Your four strong arms can wield two-handed weapons with a shield.


Message History

The necrophage barely misses you.
The howler monkey hits you but does no damage.
Unknown command.
The orc warrior hits you with a +0 great sword!!
The necrophage hits you.
* * * LOW HITPOINT WARNING * * *
The howler monkey hoots and howls with incredible vigour!
You climb upwards.
There is a stone staircase leading down here.
Things that are here:
a scroll of blinking; a potion of berserk rage You gain the combat prowess of a mighty hero.
The orc warrior barely misses you. The necrophage hits you.
* * * LOW HITPOINT WARNING * * *
Unknown command.
You slash the orc warrior! You freeze the orc warrior.
The orc warrior is moderately wounded.
You block the orc warrior's attack. The necrophage hits you.
* * * LOW HITPOINT WARNING * * *
You feel drained.
* * * LOW HITPOINT WARNING * * *
You barely miss the orc warrior.
The orc warrior is moderately wounded.
The orc warrior closely misses you.
You closely miss the orc warrior.
The orc warrior is moderately wounded.
You block the necrophage's attack. The orc warrior closely misses you.
You completely miss the orc warrior.
The orc warrior is moderately wounded.
You block the necrophage's attack.
The howler monkey hoots and howls with incredible vigour!
You hit the orc warrior but do no damage.
The orc warrior is moderately wounded.
The orc warrior hits you with a +0 great sword!
* * * LOW HITPOINT WARNING * * *
The necrophage closely misses you.
You closely miss the orc warrior.
The orc warrior is moderately wounded.
The orc warrior hits you with a +0 great sword!
You die...

#P≈≈))#
#...≈PP≈.....#####.#
#.≈P..#
#.#P.≈≈P..^........#
#.≈P..#
#.##≈PP≈#....#######
#######
#.###.###...## #.#
#.......# #.#
#####..## #.# #..#
#.#######..#
#..hn@o....#
##########.###
#.......# #.###.#.#
#.# #.#.# #.###.#.#
#.......#
##########.......#
#................#


You could see an orc warrior, a necrophage and a howler monkey.

Vanquished Creatures
  An orc warrior (D:5)
  An ice beast (D:6)
  A necrophage (D:6)
  A centaur (D:7)
  A kobold brigand (D:6)
  Blork the orc (D:6)
  An elf zombie (Ossuary)
  2 phantoms
  A bullfrog (D:6)
  A gnoll sergeant (D:6)
  2 scorpions
  A water moccasin skeleton (D:5)
  6 killer bees
  A howler monkey (D:4)
  2 centaur zombies (Ossuary)
  3 hounds
  2 human zombies (Ossuary)
  An orc priest (D:5)
  3 jellies
  2 bullfrog skeletons (D:5)
  A gnoll shaman (D:6)
  A centaur skeleton (D:7)
  4 iguanas
  5 orc wizards
  A killer bee zombie (D:7)
  2 mummies (Ossuary)
  5 adders
  17 gnolls
  2 adder zombies (Ossuary)
  2 adder skeletons (D:4)
  A worm (D:5)
  2 dart slugs (D:3)
  19 orcs
  A bat (D:2)
  4 endoplasms
  2 giant cockroaches
  8 hobgoblins
  6 jackals
  A quokka (D:3)
  2 ball pythons
  7 frilled lizards
  5 goblins
  2 goblin zombies (Ossuary)
  8 hobgoblin zombies (Ossuary)
  A jackal zombie (Ossuary)
  11 kobolds
  9 kobold zombies (Ossuary)
  10 orc zombies (Ossuary)
  7 rats
180 creatures vanquished.

Vanquished Creatures (others)
  4 plants (D:5)
4 creatures vanquished.

Grand Total: 184 creatures vanquished

Notes
Turn   | Place    | Note
-------+----------+-------------------------------------------
     0 | D:1      | heikuro the Formicid Fighter began the quest for the Orb.
     0 | D:1      | Reached XP level 1. HP: 18/18 MP: 1/1
   154 | D:1      | Reached XP level 2. HP: 24/24 MP: 2/2
   276 | D:1      | Found a faded altar of an unknown god.
   325 | D:1      | Became a worshipper of Warmaster Okawaru
   325 | D:1      | Reached * piety under Okawaru
  1167 | D:2      | Reached XP level 3. HP: 29/29 MP: 3/3
  1691 | D:3      | Found an opulent altar of Gozag.
  2042 | D:3      | Reached skill level 3 in Long Blades
  2042 | D:3      | Reached XP level 4. HP: 32/37 MP: 4/4
  2534 | D:3      | Reached XP level 5. HP: 37/42 MP: 5/5
  2741 | D:4      | Found a staircase to the Ecumenical Temple.
  2781 | Temple   | Entered the Ecumenical Temple
  2983 | D:4      | Reached XP level 6. HP: 44/48 MP: 6/6
  3032 | D:4      | Reached skill level 4 in Long Blades
  3126 | D:4      | Reached ** piety under Okawaru
  3306 | D:4      | You fall into a shaft and drop 3 floors!
  3458 | D:7      | Reached skill level 5 in Shields
  3546 | D:7      | Reached XP level 7. HP: 46/55 MP: 7/7
  3654 | D:7      | Reached skill level 5 in Long Blades
  3875 | D:7      | Reached skill level 5 in Fighting
  3883 | D:7      | Reached skill level 5 in Armour
  3968 | D:6      | Reached *** piety under Okawaru
  3969 | D:6      | Reached XP level 8. HP: 60/62 MP: 8/8
  4020 | D:6      | Found a blossoming altar of Fedhas.
  4112 | D:6      | Found a sand-covered staircase.
  4128 | Ossuary  | Entered an ossuary
  4318 | Ossuary  | Reached skill level 6 in Long Blades
  4710 | D:5      | Entered Level 5 of the Dungeon
  4730 | D:5      | Found Ebraz's Assorted Antiques.
  5312 | D:4      | Found an ornate altar of the Wu Jian Council.
  5510 | D:5      | Reached XP level 9. HP: 68/69 MP: 9/9
  5573 | D:5      | Reached skill level 7 in Long Blades
  5819 | D:5      | Found a sparkling altar of Nemelex Xobeh.
  5890 | D:5      | Reached **** piety under Okawaru
  6220 | D:5      | Found a basalt altar of Yredelemnul.
  6220 | D:5      | Found an ancient bone altar of Kikubaaqudgha.
  6239 | D:5      | Noticed Menkaure
  6241 | D:5      | Found a transporter.
  6259 | D:5      | Found a transporter.
  6321 | D:5      | Got the Handbook of Fire and Glamour
  6501 | D:6      | Noticed Blork the orc
  6508 | D:6      | Killed Blork the orc
  6659 | D:6      | Reached skill level 1 in Invocations
  6945 | D:6      | Reached skill level 8 in Long Blades
  7450 | D:6      | HP: 1/68 [orc warrior (16)]
  7451 | D:6      | Mangled by an orc warrior

Illustrated notes

Levels and vault maps discovered:
D:1:      grunt_arrival_crossed_arrows, layout_rooms,
          ebering_ecumenical_altar_sacrificial
D:2:      layout_basic, chequers_serial_rivers_room_b
D:3:      layout_rooms, grunt_gozag_statues
D:4:      layout_cave_pools, nicolae_overflow_hidden_temple,
          minmay_temple_entry_mini_moons, chequers_serial_rivers_micro_d
D:5:      layout_gridville, mainiacjoe_overflow_paths,
          gammafunk_temple_of_torment, serial_shops, shop, minmay_lizard_king
D:6:      layout_loops_corners, old_standard_altar, enter_ossuary_3,
          serial_bayou_lagoon_a, uniq_menkaure, uniq_blork_the_orc
D:7:      layout_loops_cross, kennysheep_generic_room_12
Temple:   nicolae_temple_elliptical

Skill      XL: |  1  2  3  4  5  6  7  8  9 |
---------------+----------------------------+-----
Shields        | 4 5 6 7 |  7.4
Long Blades    | 3 4 5 6 8 |  8.1
Fighting       | 4 5 6 |  6.8
Armour         | 4 5 6 |  6.8
Invocations    | 1 |  1.6

Action                   |  1- 3 |  4- 6 |  7- 9 || total
-------------------------+-------+-------+-------++-------
Melee: Long sword        |    96 |   139 |   411 ||   646
Throw: Dart              |       |       |    12 ||    12
Invok: Heroism           |       |     1 |     6 ||     7
 Abil: Dig               |       |       |     5 ||     5
  Use: Scroll            |       |     2 |     8 ||    10
       Potion            |       |       |     1 ||     1
Armor: Scale mail        |    36 |    83 |    70 ||   189
       Chain mail        |       |       |    94 ||    94
Dodge: Dodged            |    42 |    89 |   158 ||   289
Block: Buckler           |    19 |    42 |    95 ||   156

Table legend: (Time is in decaauts)
 A = Elapsed time spent in this place.
 B = Non-inter-level travel time spent in this place.
 C = Inter-level travel time spent in this place.
 D = Time resting spent in this place.
 E = Time spent auto-exploring this place.
 F = Levels seen in this place.
 G = Mean time per level.
                   A        B        C        D        E       F      G
               +--------+--------+--------+--------+--------+-----+--------+
         Total |   7547 |   7194 |    353 |   2026 |   3014 |   9 |  838.6 |
       Dungeon |   6841 |   6510 |    331 |   1847 |   2806 |   7 |  977.3 |
        Temple |    156 |    134 |     22 |      0 |    118 |   1 |  156.0 |
       Ossuary |    548 |    548 |      0 |    179 |     90 |   1 |  548.0 |
               +--------+--------+--------+--------+--------+-----+--------+

Top non-repeatable levels by time:
     D:6: 1536 daAuts
     D:2: 1327 daAuts
     D:5: 1008 daAuts
     D:3: 853 daAuts
     D:4: 833 daAuts
     D:7: 753 daAuts
 Ossuary: 548 daAuts
     D:1: 528 daAuts
  Temple: 156 daAuts
